 Dungeon Crawl Stone Soup version 0.28.0-62-gf88900778d (webtiles) character file.

Game seed: 11090007856024691082

138761 jjjjhere the Thaumaturge (level 16, -22/90 (96) HPs)
             Began as a Deep Elf Venom Mage on Mar 17, 2023.
             Was a High Priest of Ru.
             Annihilated by a tyrant leech (29 damage)
             ... on level 4 of the Swamp on Mar 19, 2023.
             The game lasted 01:24:40 (50571 turns).

jjjjhere the Thaumaturge (Deep Elf Venom Mage)     Turns: 50571, Time: 01:24:41

HP:   -22/90 (96)   AC: 12    Str:  9    XL:     16   Next: 72%
MP:   33/36         EV: 16    Int: 35    God:    Ru [*****.]
Gold: 2156          SH:  5    Dex: 15    Spells: 18/44 levels left

rFire   + + .      SeeInvis .   M - +7 mace of Inflation {vamp, Fly rPois rC+ Str+4}
rCold   + + .      Faith    .   P - +0 buckler {rC+ rF+}
rNeg    + . .      Spirit   .   u - +2 robe {rN+}
rPois   +          Reflect  .   (no helmet)
rElec   +          Harm     .   X - scarf {shadows}
rCorr   .          Rampage  .   R - +2 pair of gloves
Will    +....                   i - +0 pair of boots
Stlth   +++++.....              d - amulet "Ifurugonn" {Acrobat rElec rF+}
HPRegen 0.25/turn               q - +6 ring of intelligence
MPRegen 0.25/turn               H - +4 ring of protection

@: flying, drained
A: hated by all, inability to train armour, unskilled 1, missing an eye
a: Renounce Religion, Draw Out Power, Power Leap, Apocalypse


You were on level 4 of the Swamp.
You worshipped Ru.
Ru was extremely pleased with you.
You visited 4 branches of the dungeon, and saw 24 of its levels.
You also visited: Ice Cave.

You collected 2616 gold pieces.
You spent 460 gold pieces at shops.

Inventory:

Hand Weapons
 b - a +1 whip of pain
 K - a +0 dagger of draining
 M - the +7 mace of Inflation (weapon) {vamp, Fly rPois rC+ Str+4}
   (You found it on level 9 of the Dungeon)

   It occasionally heals its wielder for a portion of the damage dealt when it
   wounds a living foe.
   Str:       It affects your strength (+4).
   rC:        It protects you from cold.
   rPois:     It protects you from poison.
   Fly:       It grants you flight.
Missiles
 g - 12 boomerangs
 D - 2 throwing nets
 O - 10 curare-tipped darts
Armour
 i - a +0 pair of boots (worn)
 u - a +2 robe of positive energy (worn)
 P - a +0 buckler of resistance (worn)
 R - a +2 pair of gloves (worn)
 V - a scarf of invisibility
 W - a scarf of resistance
 X - a scarf of shadows (worn)
Jewellery
 d - the amulet "Ifurugonn" (around neck) {Acrobat rElec rF+}
   (You acquired it on level 8 of the Dungeon)

   [amulet of the acrobat]

   It increases your evasion while moving and waiting.
   rF:        It protects you from fire.
   rElec:     It insulates you from electricity.
 o - a ring of positive energy
 q - a +6 ring of intelligence (left hand)
 r - a ring of protection from fire
 H - a +4 ring of protection (right hand)
 Q - a ring of protection from cold
 T - a ring of protection from cold
Wands
 x - a wand of iceblast (20)
 y - a wand of acid (11)
 I - a wand of flame (41)
 U - a wand of polymorph (18)
 Z - a wand of mindburst (1)
Scrolls
 e - 3 scrolls of enchant weapon
 f - 3 scrolls of enchant armour
 j - 3 scrolls of brand weapon
 k - 4 scrolls of amnesia {unknown}
 l - 7 scrolls of teleportation
 m - 2 scrolls of fear
 n - 5 scrolls of vulnerability
 t - 3 scrolls of immolation
 w - 2 scrolls of blinking
 A - 2 scrolls of silence
 F - 3 scrolls of holy word
 J - 3 scrolls of fog
Potions
 a - a potion of might
 c - 3 potions of resistance
 s - 2 potions of heal wounds
 v - 2 potions of attraction
 z - a potion of berserk rage
 B - 2 potions of brilliance
 C - 3 potions of curing
 E - a potion of invisibility
 G - 2 potions of lignification
 L - 4 potions of flight
 N - a potion of cancellation
 S - 9 potions of ambrosia
 Y - 2 potions of magic


   Skills:
 + Level 9.3 Fighting
 - Level 7.5 Maces & Flails
 - Level 9.5 Dodging
 - Level 10.5 Stealth
 + Level 5.2 Shields
 + Level 14.5 Spellcasting
 + Level 13.2 Conjurations
 - Level 8.6 Necromancy
 - Level 1.0 Transmutations
 - Level 11.7 Earth Magic
 - Level 4.2 Poison Magic
 - Level 4.6 Evocations


You had 18 spell levels left.
You knew the following spells:

 Your Spells              Type           Power      Damage    Failure   Level
a - Sting                 Tmut/Pois      100%       1d8       1%          1
b - Poisonous Vapours     Pois/Air       80%        N/A       1%          2
c - Mephitic Cloud        Conj/Pois/Air  60%        N/A       1%          3
d - Olgreb's Toxic Radia  Pois           53%        N/A       3%          4
e - Borgnjor's Vile Clut  Necr/Erth      38%        N/A       1%          5
f - Passwall              Tmut/Erth      52%        N/A       1%          2
g - Stone Arrow           Conj/Erth      100%       3d13      1%          3
h - Iron Shot             Conj/Erth      42%        9d8       1%          6

Your spell library contained the following spells:

 Spells                   Type           Power      Damage    Failure   Level
 Magic Dart               Conj           100%       1d8       0%          1
 Sandblast                Erth           100%       2d20      0%          1
 Shock                    Conj/Air       100%       1d9       1%          1
 Corpse Rot               Necr/Air       100%       N/A       1%          2
 Dispel Undead            Necr           72%        3d24      1%          4
 Iskenderun's Battlesphe  Conj           87%        2d13      1%          5
 Anguish                  Hex/Necr       27%        N/A       3%          4
 Fireball                 Conj/Fire      32%        3d14      3%          5
 Frozen Ramparts          Ice            50%        1d7       6%          3
 Swiftness                Air            25%        N/A       6%          3
 Orb of Destruction       Conj           43%        9d12      7%          7
 Airstrike                Air            12%        N/A       21%         4
 Conjure Ball Lightning   Conj/Air       32%        3x3d10    21%         6
 Enfeeble                 Hex            12%        N/A       100%        7
 Polar Vortex             Ice            12%        N/A       100%        9
 Animate Dead             Necr           Unusable   N/A       N/A         4
 Call Imp                 Summ           Unusable   N/A       N/A         2
 Tukima's Dance           Hex            Unusable   N/A       N/A         3
 Death Channel            Necr           Unusable   N/A       N/A         6
 Summon Ice Beast         Ice/Summ       Unusable   N/A       N/A         4
 Simulacrum               Ice/Necr       Unusable   N/A       N/A         6
 Summon Mana Viper        Hex/Summ       Unusable   N/A       N/A         5
 Spellforged Servitor     Conj/Summ      Unusable   N/A       N/A         7
 Monstrous Menagerie      Summ           Unusable   N/A       N/A         7

Dungeon Overview and Level Annotations

Branches:
Dungeon (12/15)            Temple (0/1) D:5            Lair (6/6) D:11
  Swamp (4/4) Lair:4       Spider (0/4) Lair:2        Slime (0/5) Lair:6
    Orc (2/2) D:9             Elf (0/3) Orc:2         IceCv (visited)

Altars:
Cheibriados
Ru
Yredelemnul

Shops:
D:5 ***   Orc:2 !*[!=

Portals:
Pandemonium: Orc:2

Annotations:
Lair:2 3 runed translucent doors, exclusion: 3 doors, cbfl8's ghost, journeyman MiBe
Lair:3 exclusion: oklob plant
Lair:6 exclusion: 3 oklob plants


Innate Abilities, Weirdness & Mutations

You are hated by all.
You cannot train Armour skill.
You are somewhat unskilled. (-1 Apt)
You are missing an eye, making it more difficult to aim.


Message History

Aiming: Borgnjor's Vile Clutch (dangerous; 1% risk of failure)
Press: ? - help, Shift-Dir - straight line, f - spriggan druid
Aim: a spriggan druid, wielding a +0 quarterstaff and wearing a +0 robe (100% to hit)
Zombie hands grab the spriggan druid.
The zombie hands constrict the spriggan druid!
The spriggan druid struggles to escape constriction.
A spriggan druid is nearby!
The zombie hands constrict the spriggan druid!
The spriggan druid calls out to the beasts of the wild!
The zombie hands constrict the spriggan druid.
The spriggan druid struggles to escape constriction.
The zombie hands lose their grip on something.
A bunyip comes into view.
The bunyip gives a hideous shriek!
You see here 20 arrows.
The bunyip howls a warning cry!
You hear a deafening roar! x2
A swamp dragon comes into view.
The swamp dragon breathes poison at you.
The blast of poison misses you. The bunyip claws you!
The bunyip claws you but does no damage.
The bunyip claws you!! The swamp dragon misses you.
The swamp dragon completely misses you. The swamp dragon closely misses you.
The tyrant leech is engulfed in poison gas.
The tyrant leech is poisoned.
A five-headed hydra comes into view.
The tyrant leech is engulfed in poison gas.
The tyrant leech looks even sicker.
There is a stone staircase leading up here.
Things that are here:
+0 swamp dragon scales; a swamp dragon skeleton The bunyip barely misses you.
The bunyip claws you!!
You focus your inner power and blind the bunyip in retribution!
The bunyip claws you!!
* * * LOW HITPOINT WARNING * * *
The swamp dragon closely misses you. The swamp dragon misses you. x2
The tyrant leech bites you!!
You die...

≈.≈≈≈ ♣.≈≈≈≈♣♣♣♣≈≈♣♣$[≈§
..≈≈. ♣≈≈§≈..≈≈≈..♣...≈≈
♣...♣ ♣♣♣♣≈.[.≈≈≈§....≈≈i≈
♣♣..♣♣♣♣.§≈./≈≈≈≈≈≈≈..≈≈§≈≈
♣.≈≈≈.♣ ♣≈≈(≈≈≈≈°≈.≈.(≈≈≈≈.
♣.≈≈≈≈♣♣ ♣.≈§§≈○..(i.§≈≈.♣
♣♣≈≈≈≈.♣♣♣♣≈.<≈○♣≈°≈♣.≈≈≈?♣
≈≈≈≈≈§♣≈≈≈≈..≈.Dxw.♣♣♣♣.≈§≈
≈≈≈..§♣.≈÷≈[≈≈.[@.)≈♣ .≈≈≈
≈..<≈♣♣.≈...≈≈≈≈≈.≈.♣ ≈≈≈
♣≈t≈≈♣♣..♣♣≈...≈≈≈.≈.≈♣ ≈♣
♣♣♣≈≈≈♣♣ ♣♣♣.≈≈≈.♣...♣
♣.§≈♣ ♣.≈≈≈≈≈..♣♣ ♣≈.≈♣
♣♣.≈≈.≈.≈♣ ♣♣♣♣♣ ♣♣♣≈♣♣≈≈.
♣♣♣ §≈♣


You could see a bunyip (blind), a swamp dragon, a tyrant leech (very poisoned)
and a spriggan druid.

Vanquished Creatures
  A thorn hunter (Swamp:1)
  A fenstrider witch (Swamp:2)
  A reaper (IceCv)
  2 ghouls
  3 eleionomae
  Nessos (D:12)
  4 bunyips
  Harold (D:7)
  18 hydras
  A boulder beetle (Lair:3)
  5 catoblepae
  2 ghost crabs
  Erica (Orc:1)
  A spriggan air mage (Swamp:2)
  5 two-headed ogres
  A demonspawn (Orc:2)
  13 death yaks
  13 alligators
  2 spriggan berserkers
  6 orc high priests (Orc:2)
  Nergalle (Lair:3)
  6 goliath frogs
  A sixfirhy (Orc:2)
  5 spriggan druids
  11 swamp dragons
  8 bog bodies
  5 orc knights (Orc:2)
  An ugly thing (D:12)
  6 orc sorcerers (Orc:2)
  4 will-o-the-wisps
  2 cyclopes (D:12)
  3 manticores
  10 black mambas
  3 elephants (Lair:6)
  A rust devil (Orc:2)
  5 centaur zombies
  2 ice statues (IceCv)
  5 torpor snails
  2 orange demons (Orc:2)
  A gargoyle (D:12)
  15 cane toads
  A kobold demonologist (D:11)
  2 unseen horrors
  A freezing wraith (IceCv)
  4 rime drakes
  11 komodo dragons
  2 anaconda simulacra (IceCv)
  3 entropy weaver simulacra (IceCv)
  4 ice devils (IceCv)
  2 red devils (Orc:2)
  A troll (D:10)
  8 hornets
  A queen bee (Lair:3)
  3 dream sheep (Lair:3)
  3 polar bears
  10 tyrant leeches
  17 blink frogs
  3 slime creatures
  Sigmund (D:3)
  10 spriggans
  3 dire elephant simulacra (IceCv)
  A wraith (D:12)
  66 yaks
  A shadow (D:12)
  2 wyverns
  5 basilisks
  A steam dragon (Lair:3)
  11 vampire mosquitoes
  2 harpy simulacra (IceCv)
  12 swamp worms
  A warg (Orc:2)
  34 water moccasins
  An acid dragon (D:10)
  4 swamp drakes
  Duvessa (D:6)
  34 orc warriors
  An ice beast (D:7)
  4 ogres
  2 sky beasts
  7 black bears
  3 necrophages
  7 centaurs
  42 wolves
  2 phantoms
  2 kobold brigands
  14 bullfrogs
  3 scorpions
  A wyvern zombie (D:6)
  2 water moccasin skeletons (D:6)
  Dowan (D:6)
  32 killer bees
  10 wights
  An elephant simulacrum (IceCv)
  4 howler monkeys
  2 electric eels
  A hound (D:5)
  A jelly (D:6)
  A bullfrog skeleton (D:7)
  2 gnoll shamans
  23 orc priests
  Jessica (D:2)
  6 iguanas
  12 orc wizards
  A spriggan simulacrum (IceCv)
  A polar bear simulacrum (IceCv)
  A killer bee zombie (D:7)
  A wolf simulacrum (IceCv)
  A hound skeleton (D:4)
  A howler monkey skeleton (D:6)
  25 adders
  14 gnolls
  A naga simulacrum (IceCv)
  A white imp (IceCv)
  An ufetubus (D:4)
  An adder skeleton (D:5)
  A dart slug (D:4)
  67 orcs
  8 endoplasms
  A giant cockroach (D:1)
  7 goblins
  2 hobgoblins (D:4)
  6 jackals
  17 kobolds
  5 quokkas
  9 ball pythons
  A ball python skeleton (D:3)
  6 bats
  3 frilled lizards
  2 rats
816 creatures vanquished.

Vanquished Creatures (others)
  A vampire mosquito (Swamp:2)
  A bush (Lair:5)
  16 foxfires
  52 fungi
  130 plants
200 creatures vanquished.

Grand Total: 1016 creatures vanquished

Notes
Turn   | Place    | Note
-------+----------+-------------------------------------------
     0 | D:1      | jjjjhere the Deep Elf Venom Mage began the quest for the
                  | Orb.
     0 | D:1      | Reached XP level 1. HP: 10/10 MP: 6/6
   498 | D:1      | Reached XP level 2. HP: 15/15 MP: 5/8
   577 | D:1      | Learned a level 2 spell: Poisonous Vapours
  1148 | D:1      | HP: 3/15 [jackal (3)]
  1148 | D:1      | HP: 1/15 [jackal (2)]
  1493 | D:2      | Reached skill level 4 in Spellcasting
  1623 | D:2      | Reached XP level 3. HP: 19/19 MP: 7/10
  1665 | D:2      | Learned a level 3 spell: Mephitic Cloud
  1697 | D:2      | Found a faded altar of an unknown god.
  2298 | D:2      | Noticed Jessica
  2308 | D:2      | Killed Jessica
  2309 | D:2      | Reached XP level 4. HP: 24/24 MP: 3/12
  2390 | D:2      | Learned a level 4 spell: Olgreb's Toxic Radiance
  2695 | D:3      | Noticed Sigmund
  3114 | D:3      | Found a sacrificial altar of Ru.
  3131 | D:3      | Became a worshipper of Ru the Awakened
  3265 | D:3      | Killed Sigmund
  3266 | D:3      | Reached skill level 6 in Spellcasting
  3266 | D:3      | Reached XP level 5. HP: 23/30 MP: 3/15
  3364 | D:3      | Learned a level 5 spell: Borgnjor's Vile Clutch
  3400 | D:3      | You fall into a shaft and drop 3 floors!
  3407 | D:6      | Reached XP level 6. HP: 28/35 MP: 12/17
  3475 | D:5      | Entered Level 5 of the Dungeon
  3855 | D:3      | Reached skill level 1 in Necromancy
  3855 | D:3      | Reached skill level 1 in Earth Magic
  3874 | D:3      | HP: 11/35 [poisoned by a kobold brigand]
  5191 | D:4      | Learned a level 2 spell: Passwall
  5464 | D:5      | Reached XP level 7. HP: 40/40 MP: 10/18
  5573 | D:5      | Gained mutation: You are hated by all. [Ru sacrifice]
  5573 | D:5      | Reached * piety under Ru
  5573 | D:5      | Reached ** piety under Ru
  5879 | D:5      | Found Zothit's Serpentskin Sales.
  5901 | D:5      | HP: 13/40 [centaur warrior zombie (4)]
  6168 | D:5      | Found Oxteigapp's General Store.
  6168 | D:5      | Found Vafue's Specific Store.
  6187 | D:5      | HP: 13/40 [poisoned by a water moccasin]
  6192 | D:5      | HP: 6/40 [poisoned by a water moccasin]
  6466 | D:4      | Reached skill level 5 in Dodging
  6466 | D:4      | Reached XP level 8. HP: 48/48 MP: 19/19
  6745 | D:5      | Reached XP level 9. HP: 52/52 MP: 10/20
  7093 | D:5      | Bought a scroll of identify for 26 gold pieces
  7563 | D:5      | Found a staircase to the Ecumenical Temple.
  7846 | D:6      | Noticed Duvessa
  7846 | D:6      | Noticed Dowan
  7866 | D:6      | Killed Duvessa
  7867 | D:6      | Reached skill level 7 in Spellcasting
  8450 | D:6      | Reached skill level 1 in Evocations
  8888 | D:5      | Learned a level 3 spell: Stone Arrow
  9042 | D:6      | Identified the +4 mace "Catz" {vamp, Fly rC++ Will- rCorr}
  9238 | D:6      | Killed Dowan
 10367 | D:7      | Reached XP level 10. HP: 58/58 MP: 17/23
 10480 | D:7      | Reached skill level 8 in Spellcasting
 10575 | D:7      | Noticed Harold
 10584 | D:7      | Killed Harold
 11383 | D:8      | Reached skill level 9 in Spellcasting
 12655 | D:8      | Identified a scroll of acquirement
 12655 | D:8      | Acquired the amulet "Ifurugonn" {Acrobat rElec rF+}
 12691 | D:9      | Noticed a two-headed ogre
 12767 | D:9      | Noticed a two-headed ogre
 13011 | D:9      | Killed a two-headed ogre
 13012 | D:9      | Reached skill level 10 in Stealth
 13012 | D:9      | Reached XP level 11. HP: 62/62 MP: 16/26
 13076 | D:9      | Identified the +7 mace of Inflation {vamp, Fly rPois rC+
                  | Str+4}
 13142 | D:9      | Found a staircase to the Orcish Mines.
 13157 | D:9      | Reached skill level 5 in Evocations
 13983 | D:9      | Killed a two-headed ogre
 13984 | D:9      | Reached skill level 1 in Maces & Flails
 14096 | D:10     | Entered Level 10 of the Dungeon
 15881 | D:11     | Noticed a two-headed ogre
 15891 | D:11     | Killed a two-headed ogre
 16206 | D:11     | Found a staircase to the Lair.
 17170 | Lair:1   | Entered Level 1 of the Lair of Beasts
 17783 | D:11     | HP: 17/62 [wolf (8)]
 18603 | Lair:1   | Reached XP level 12. HP: 67/67 MP: 15/27
 18677 | Lair:1   | Reached skill level 10 in Earth Magic
 18946 | Lair:1   | Noticed a seven-headed hydra
 18951 | Lair:1   | Killed a seven-headed hydra
 20184 | Lair:2   | Reached skill level 5 in Maces & Flails
 20748 | Lair:2   | Noticed a five-headed hydra
 20764 | Lair:2   | Killed a five-headed hydra
 21044 | Lair:2   | Found a snail-covered altar of Cheibriados.
 21435 | Lair:2   | Found a hole to the Spider Nest.
 21584 | Lair:2   | Found a runed translucent gate.
 21584 | Lair:2   | Found a runed translucent gate.
 21584 | Lair:2   | Found a runed translucent gate.
 21607 | Lair:2   | Noticed a seven-headed hydra
 21608 | Lair:2   | Noticed cbfl8's ghost (journeyman MiBe)
 22485 | Lair:3   | Noticed a boulder beetle
 22487 | Lair:3   | Noticed Nergalle
 22488 | Lair:3   | Found a dark tunnel.
 22503 | Lair:3   | Killed a boulder beetle
 22893 | Lair:3   | Killed Nergalle
 22894 | Lair:3   | Reached XP level 13. HP: 72/72 MP: 11/28
 23547 | Lair:3   | Reached skill level 1 in Conjurations
 25339 | Lair:4   | Reached skill level 5 in Conjurations
 26933 | Lair:4   | Reached skill level 5 in Fighting
 27220 | Lair:4   | Found a staircase to the Swamp.
 28508 | Lair:5   | Learned a level 6 spell: Iron Shot
 28626 | Lair:5   | Reached XP level 14. HP: 79/79 MP: 17/29
 29433 | Lair:6   | Entered Level 6 of the Lair of Beasts
 30012 | Lair:6   | Gained mutation: You are somewhat unskilled. (-1 Apt) [Ru
                  | sacrifice]
 30012 | Lair:6   | Reduced skill Stealth to level 10
 30012 | Lair:6   | Reached *** piety under Ru
 32601 | Lair:6   | Reached skill level 10 in Spellcasting
 32910 | Lair:6   | Reached skill level 10 in Conjurations
 33698 | Lair:6   | Found a staircase to the Slime Pits.
 34056 | Orc:1    | Entered Level 1 of the Orcish Mines
 34058 | Orc:1    | Found a frozen archway.
 34067 | IceCv    | Entered an ice cave
 35062 | IceCv    | Reached skill level 11 in Spellcasting
 35744 | IceCv    | Noticed a reaper
 35757 | IceCv    | Killed a reaper
 35903 | IceCv    | Got Bemoseub's Almanac of Snow
 36006 | Orc:1    | Gained mutation: You cannot train Armour skill. [Ru
                  | sacrifice]
 36006 | Orc:1    | Reached **** piety under Ru
 36330 | Orc:2    | Entered Level 2 of the Orcish Mines
 36465 | Orc:2    | Reached XP level 15. HP: 86/86 MP: 22/32
 36697 | Orc:2    | Found a staircase to the Elven Halls.
 36941 | Orc:2    | Found Heggudeudy's Distillery.
 37102 | Orc:2    | Found Modeinwist's General Store.
 37329 | Orc:2    | Found Wunk's Distillery.
 38385 | Orc:2    | Reached skill level 12 in Spellcasting
 38871 | Orc:2    | Found Deges's Jewellery Shoppe.
 38871 | Orc:2    | Found Narroedec's Antique Armour Emporium.
 38872 | Orc:2    | Found a one-way gate leading to the halls of Pandemonium.
 38883 | Orc:2    | Bought a shiny buckler for 210 gold pieces
 38888 | Orc:2    | Bought an embroidered scarf for 224 gold pieces
 39348 | Orc:1    | Noticed Erica
 39351 | Orc:1    | Killed Erica
 40066 | D:12     | Reached skill level 1 in Shields
 40670 | D:12     | Gained mutation: You are missing an eye, making it more
                  | difficult to aim. [Ru sacrifice]
 40670 | D:12     | Reached ***** piety under Ru
 41019 | D:12     | Noticed Nessos
 41028 | D:12     | HP: 19/88 [Nessos/arrow (11)]
 41029 | D:12     | Killed Nessos
 41029 | D:12     | HP: 6/88 [slime creature (7)]
 41044 | D:12     | HP: 20/88 [vampire mosquito (7)]
 41511 | Swamp:1  | Entered Level 1 of the Swamp
 42164 | Swamp:1  | HP: 20/87 [five-headed hydra (9)]
 42746 | Swamp:1  | Reached skill level 13 in Spellcasting
 43663 | Swamp:1  | HP: 29/88 [alligator[an alligator] (8)]
 43915 | Lair:4   | Reached XP level 16. HP: 81/94 MP: 22/35
 44157 | Swamp:1  | Noticed a thorn hunter
 44161 | Swamp:1  | Killed a thorn hunter
 46689 | Swamp:3  | HP: 22/92 [goliath frog (18)]
 47450 | Swamp:2  | Reached skill level 14 in Spellcasting
 49529 | Swamp:4  | Entered Level 4 of the Swamp
 49669 | Swamp:3  | HP: 22/96 [alligator[an alligator] (20)]
 49964 | Swamp:3  | Reached skill level 5 in Shields
 50571 | Swamp:4  | HP: 28/90 [bunyip[a spriggan druid] (25)]
 50571 | Swamp:4  | HP: 7/90 [bunyip[a spriggan druid] (21)]
 50571 | Swamp:4  | Annihilated by a tyrant leech

Illustrated notes

Levels and vault maps discovered:
D:1:      psy_arrival_radial02, layout_basic, lemuel_old_faithful
D:2:      layout_basic, hellmonk_ecumenical_altar_inner_sanctum, uniq_jessica
D:3:      layout_rooms, hangedman_ru_absence, grunt_decor_arrowhead,
          minmay_divided_ellipse, uniq_sigmund
D:4:      layout_loops_cross
D:5:      layout_rooms, minmay_temple_entry_proselytizer,
          nicolae_specific_store, guppyfry_shop_venom
D:6:      layout_rooms, kennysheep_generic_room_12, uniq_duvessa
D:7:      layout_basic, uniq_harold
D:8:      layout_gridville
D:9:      layout_loops_ring, david_orc_2
D:10:     layout_layer_cave, grunt_ministairs_5
D:11:     layout_layer_cave, lair_entry_dummy
D:12:     layout_irregular_city, hangedman_corner_corridor, uniq_nessos
Lair:1:   layout_concentric_octagons, serial_bayou, serial_bayou_lake_a,
          serial_bayou_pond_b, serial_bayou_pond_d, serial_bayou_pond_a,
          serial_bayou_pond_d, serial_bayou_lagoon_a, beast_lair_carwin_11,
          lemuel_fruit_tree, grunt_megastairs_2
Lair:2:   layout_chaotic_city, spider_nest_entry_web_field,
          gammafunk_ghost_split, kennysheep_snail_temple
Lair:3:   lemuel_reptile_caves, layout_small_grid, special_room
          [special_room_bee], nicolae_volcano_entry_lava_flow,
          chequers_serial_rivers_micro_d, uniq_nergalle
Lair:4:   layout_layer_cave, skrybe_swamp_entry_bodies, grunt_megastairs_4
Lair:5:   layout_small_grid, grunt_megastairs_3
Lair:6:   evilmike_catoblepas_cave, layout_cave_pods,
          minmay_slime_entry_oklob_open
Swamp:1:  layout_basic_swamp, serial_swamp_ruin, evilmike_swamp_ruin_rubble_2,
          evilmike_swamp_ruin_house_5, swamp_pool1, grunt_ruined_hall,
          infiniplex_staircase_pool_2
Swamp:2:  layout_falls_marsh, evilmike_swamp_ruin_house_1
Swamp:3:  layout_falls_marsh, nicolae_swamp_fairy_circle
Swamp:4:  swamp_basic_johnstein, layout_basic_swamp, swamp_pool1, uniq_donald
Orc:1:    layout_diamond_mine, portal_ice_cave_entry_pillars_2, uniq_erica
Orc:2:    pf_orc_diabolical, layout_caves, serial_shops, nicolae_shop_trees,
          nicolae_orc_crystal_geode

Skill      XL: |  1  2  3  4  5  6  7  8  9 10 11 12 13 14 15 16 |
---------------+-------------------------------------------------+-----
Spellcasting   | 4 6 7 9 11 13 14 | 14.5
Poison Magic   | 4 |  4.2
Fighting       | 2 4 5 7 8 9 |  9.3
Necromancy     | 3 8 9 8 |  8.6
Earth Magic    | 2 8 9 12 11 | 11.7
Stealth        | 3 7 8 10 11 10 | 10.5
Dodging        | 5 6 8 9 8 9 |  9.5
Evocations     | 2 4 5 4 |  4.6
Maces & Flails | 3 6 8 7 |  7.5
Conjurations   | 8 10 12 13 | 13.2
Shields        | 3 5 |  5.2
Transmutations | |  1.0

Action                   |  1- 3 |  4- 6 |  7- 9 | 10-12 | 13-15 | 16-18 || total
-------------------------+-------+-------+-------+-------+-------+-------++-------
Melee: Dagger            |     4 |    27 |     5 |     5 |       |       ||    41
       Punch             |       |     2 |       |     3 |     4 |       ||     9
       Whip              |       |       |     7 |    18 |       |       ||    25
       Mace              |       |       |       |    23 |   200 |    20 ||   243
 Cast: Sting             |    53 |    63 |    31 |     1 |     1 |       ||   149
       Poisonous Vapours |    16 |    36 |    20 |    20 |       |     1 ||    93
       Mephitic Cloud    |       |       |     3 |     1 |       |     1 ||     5
       Passwall          |       |       |     1 |       |     1 |       ||     2
       Borgnjor's Vile C |       |       |    59 |   164 |   344 |   104 ||   671
       Stone Arrow       |       |       |    14 |    27 |    36 |       ||    77
       Olgreb's Toxic Ra |       |       |       |    58 |    57 |     1 ||   116
       Iron Shot         |       |       |       |       |   125 |    68 ||   193
Invok: Sacrifice Love    |       |       |     1 |       |       |       ||     1
       Reject Sacrifices |       |       |       |     2 |       |     1 ||     3
       Sacrifice Durabil |       |       |       |       |     1 |       ||     1
       Sacrifice Skill   |       |       |       |       |     1 |       ||     1
       Power Leap        |       |       |       |       |     1 |     4 ||     5
       Apocalypse        |       |       |       |       |     1 |     2 ||     3
       Sacrifice an Eye  |       |       |       |       |     1 |       ||     1
  Use: Scroll            |       |       |    13 |     6 |     9 |     4 ||    32
       Potion            |       |       |     2 |       |     2 |       ||     4
 Stab: Sleeping          |       |       |       |       |     5 |     2 ||     7
       Petrifying        |       |       |       |       |     1 |       ||     1
       Distracted        |       |       |       |       |       |     3 ||     3
Armor: Robe              |    13 |     9 |    20 |    26 |    83 |    34 ||   185
       Leather armour    |       |    17 |       |       |       |       ||    17
Dodge: Dodged            |    37 |    45 |    44 |   179 |   278 |    95 ||   678
Block: Buckler           |       |       |       |       |    22 |    25 ||    47
